Map: Ever Dream LE

Players

TLHarstem (Harstem)

  • Race: Protoss Protoss
  • League: Master
  • Spawn Location: 7:00

liquidthermy (uThermal) - Winner!

  • Race: Terran Terran
  • Spawn Location: 1:00

Event: DreamHack SC2 Masters 2020 Summer Europe

VOD

Have the link to the VOD?

Description

Time

  • Played on: June 24, 2020, 12:01 p.m.
  • Length: 9:32

All games in this series

Show
View Real Time Build Order
Export as new Build Order

TLHarstem Protoss 

Build Orders: 1 Gate Expand, Phoenix Opening 

Get SALT Encoding   

  12  0:01  Probe  
  13  0:13  Probe  
  14  0:17  Pylon  
  14  0:25  Probe  
  15  0:33  Probe  
  15  0:37  Gateway  
  15  0:41  Probe  
  16  0:48  Assimilator  
  17  0:51  Probe  
  18  1:03  Probe  
  19  1:15  Probe  
  20  1:24  Cybernetics Core  
  20  1:33  Nexus  
  20  1:38  Pylon  
  20  1:41  Probe  
  21  1:49  Assimilator  
  21  1:50  Adept  
  21  1:53  Probe  
  22  2:00  Warp Gate  
  24  2:05  Probe  
  25  2:10  Stalker  
  25  2:17  Probe  
  29  2:30  Probe  
  29  2:39  Robotics Facility  
  29  2:42  Probe x2  
  30  2:47  Stalker  
  30  2:50  Probe  
  33  2:54  Probe  
  35  2:58  Gateway  
  35  2:59  Probe  
  36  3:06  Probe  
  36  3:12  Probe  
  38  3:18  Sentry, Probe  
  41  3:23  Pylon  
  41  3:24  Probe  
  42  3:30  Probe  
  42  3:33  Nexus  
  43  3:36  Observer, Probe  
  43  3:40  Pylon  
  45  3:42  Probe  
  45  3:43  Pylon  
  45  3:48  Probe  
  47  3:53  Phoenix  
  47  3:56  Stalker  
  47  3:57  Probe  
  47  3:58  Observer  
  47  4:00  Assimilator, Probe  
  52  4:06  Stalker, Probe  
  52  4:08  Probe  
  55  4:11  Assimilator  
  55  4:14  Probe  
  55  4:16  Probe  
  56  4:20  Stalker  
  56  4:23  Probe  
  60  4:26  Immortal, Probe  
  60  4:29  Pylon  
  62  4:33  Zealot  
  62  4:35  Probe  
  69  4:45  Stalker  
  69  4:46  Shield Battery  
  69  4:48  Shield Battery  
  71  4:56  Immortal  
  71  4:59  Stalker  
  68  5:02  Probe, Pylon  
  68  5:03  Probe  
  68  5:05  Probe  
  67  5:09  Zealot  
  73  5:15  Probe  
  73  5:16  Probe  
  69  5:23  Immortal  
  69  5:25  Stalker  
  69  5:26  Probe  
  64  5:30  Stalker  
  62  5:39  Probe  
  62  5:41  Observer  
  57  5:49  Stalker  
  59  5:53  Nexus, Probe  
  59  5:54  Probe  
  61  5:58  Sentry, Robotics Bay  
  63  6:05  Probe  
  63  6:06  Probe  
  63  6:09  Forge  
  65  6:17  Probe  
  65  6:18  Probe  
  67  6:20  Stalker  
  67  6:22  Zealot  
  71  6:30  Probe x2  
  73  6:39  Forge  
  73  6:41  Twilight Council  
  73  6:42  Protoss Ground Weapons Level 1, Probe x2  
  75  6:52  Pylon  
  75  6:54  Colossus, Probe x2  
  76  6:56  Extended Thermal Lance  
  77  7:06  Shield Battery, Probe  
  84  7:10  Probe x2  
  84  7:11  Protoss Ground Armor Level 1, Observer  
  84  7:13  Charge  
  86  7:15  Probe  
  86  7:16  Gateway  
  86  7:18  Gateway, Probe x2  
  89  7:23  Probe  
  89  7:25  Sentry  
  89  7:26  Probe  
  92  7:30  Pylon  
  92  7:32  Zealot, Probe  
  92  7:36  Templar Archives  
  96  7:38  Colossus  
  96  7:42  Phoenix  
  96  7:43  Shield Battery  
  98  7:45  Assimilator  
  98  7:46  Pylon  
  102  7:56  Zealot  
  102  7:57  Zealot  
  106  8:03  Pylon  
  106  8:06  Assimilator  
  106  8:09  Gateway  
  106  8:11  Probe x2  
  106  8:12  Gateway  
  108  8:13  High Templar  
  108  8:14  High Templar  
  108  8:16  Probe  
  108  8:18  Zealot x2  
  108  8:19  Pylon  
  117  8:21  Archon  
  117  8:23  Probe  
  117  8:24  Shield Battery  
  117  8:25  Disruptor  
  118  8:27  Pylon  
  124  8:35  Probe  
  124  8:37  Probe  
  124  8:40  Zealot x2  
  127  8:45  Gateway  
  127  8:47  Gateway  
  127  8:49  Zealot x2  
  130  8:58  Shield Battery  
  130  9:00  High Templar x2  
  134  9:06  Archon  
  134  9:08  Zealot x2  
  124  9:10  Probe  
  124  9:13  Zealot x2  
Show
View Real Time Build Order
Export as new Build Order

liquidthermy Terran - Winner!

Build Orders: Reaper Expand 

Get SALT Encoding   

  12  0:01  SCV  
  13  0:13  SCV  
  14  0:17  Supply Depot  
  14  0:25  SCV  
  15  0:38  SCV  
  15  0:39  Barracks  
  16  0:42  Refinery  
  16  0:50  SCV  
  17  1:03  SCV  
  18  1:15  SCV  
  19  1:26  Reaper  
  19  1:27  Orbital Command  
  20  1:39  Command Center  
  20  1:46  Supply Depot  
  20  1:52  SCV  
  21  1:58  Barracks Reactor  
  21  2:05  SCV  
  21  2:06  Refinery  
  22  2:11  Bunker  
  22  2:17  SCV  
  22  2:20  Factory  
  23  2:29  SCV  
  24  2:34  Marine x2  
  26  2:41  SCV  
  27  2:50  Orbital Command  
  27  2:52  Marine x2  
  27  2:53  SCV  
  30  3:04  Starport, Hellion  
  30  3:05  SCV  
  33  3:10  Marine x2  
  35  3:17  SCV x2  
  37  3:25  Factory Tech Lab  
  37  3:28  Marine x2  
  37  3:29  SCV  
  37  3:31  Supply Depot, SCV  
  41  3:41  Viking  
  43  3:44  Siege Tank  
  46  3:53  Marine x2, SCV x2  
  46  3:54  Supply Depot  
  50  4:04  Supply Depot  
  50  4:06  SCV x2  
  52  4:10  Marine x2  
  52  4:15  Medivac  
  52  4:16  Siege Tank  
  59  4:18  SCV  
  59  4:22  SCV  
  61  4:25  Supply Depot  
  61  4:28  Marine x2  
  61  4:30  SCV  
  64  4:39  Command Center  
  64  4:44  SCV x2  
  66  4:50  Siege Tank  
  66  4:51  Starport Tech Lab  
  66  4:52  Marine x2  
  71  4:56  SCV x2  
  70  5:05  Bunker  
  67  5:08  SCV x2  
  67  5:10  Supply Depot  
  67  5:13  Raven  
  71  5:15  Marine x2  
  71  5:20  SCV  
  73  5:24  SCV  
  67  5:32  Marine x2  
  65  5:37  Siege Tank  
  65  5:40  SCV  
  66  5:44  Barracks x2  
  63  5:50  Marine  
  63  5:52  Marine  
  63  5:54  SCV  
  63  5:55  Refinery, Engineering Bay  
  63  5:56  Refinery, Engineering Bay  
  65  5:57  SCV  
  66  6:06  SCV  
  66  6:09  Starport Reactor, SCV  
  66  6:11  Marine x2  
  69  6:14  Barracks  
  69  6:16  Barracks  
  70  6:18  SCV  
  70  6:21  Factory Reactor, SCV  
  72  6:28  Marine  
  72  6:29  Marine  
  72  6:30  SCV  
  75  6:33  SCV  
  75  6:38  Stimpack, Combat Shield  
  75  6:39  Marauder x2  
  80  6:40  Orbital Command  
  80  6:42  SCV  
  80  6:45  SCV  
  80  6:46  Marine x2  
  83  6:47  Bunker  
  83  6:48  Terran Infantry Armor Level 1  
  83  6:49  Terran Infantry Weapons Level 1  
  83  6:55  Supply Depot, SCV  
  83  6:57  SCV  
  83  6:59  Widow Mine x2  
  83  7:00  Marauder x2  
  93  7:03  Barracks Tech Lab  
  93  7:04  Marine x2  
  93  7:06  Barracks Tech Lab, Missile Turret  
  93  7:07  Missile Turret  
  93  7:08  Refinery, SCV x2  
  97  7:09  Refinery  
  97  7:11  Supply Depot  
  97  7:13  SCV  
  98  7:18  Supply Depot, Medivac  
  98  7:20  SCV  
  98  7:22  Medivac  
  103  7:23  SCV  
  103  7:26  Supply Depot, Marauder  
  103  7:27  SCV  
  103  7:29  Widow Mine  
  109  7:33  Marine x2, Widow Mine  
  109  7:37  Supply Depot  
  113  7:40  SCV x2  
  113  7:42  SCV  
  116  7:44  Marauder x2  
  116  7:46  Marauder  
  116  7:49  Supply Depot x2  
  116  7:50  Widow Mine  
  124  7:55  Medivac x2  
  124  7:57  Concussive Shells  
  124  7:58  Marine  
  128  7:59  Marauder  
  128  8:01  Supply Depot  
  128  8:04  Armory  
  133  8:08  Missile Turret  
  133  8:09  Missile Turret  
  133  8:12  Marine x2  
  133  8:13  Marauder x2  
  133  8:16  Marine  
  138  8:20  Marauder  
  138  8:22  Starport  
  140  8:27  Supply Depot  
  140  8:30  Marine  
  140  8:31  Marauder  
  140  8:33  Viking x2  
  140  8:34  Marauder, Marine  
  147  8:36  Supply Depot  
  150  8:42  Marine  
  150  8:43  Marine  
  150  8:45  Command Center  
  150  8:48  Marine  
  153  8:51  Marine  
  153  8:55  Marine  
  154  8:56  Marauder  
  148  9:12  Marine x2  
  148  9:14  Marine  
Tags
 
Add a new tag
Caveats
  • Supply blocks, unpowered buildings, or Contaminate may cause inaccurate times.
  • Supply counts are checked every 10 seconds.